[Event "79th Armenian-HL-ch Women 2024"]
[Site "Yerevan"]
[Date "2024.01.12"]
[Round "1.1"]
[White "Grigoryan, Arpine"]
[Black "Avetisyan, Mariam"]
[Result "0-1"]
[ECO "B31"]
[WhiteElo "2025"]
[BlackElo "2043"]
[Annotator "NA RC"]
[PlyCount "102"]
[EventDate "2024.01.11"]
[EventType "tourn"]
[EventCountry "ARM"]
[SourceTitle "playchess.com"]
[Source "ChessBase"]
[SourceQuality "1"]
[TimeControl "40/5400+30:1800+30"]

1. e4 c5 2. Nf3 Nc6 3. Bb5 g6 4. O-O Bg7 5. c3 e5 6. d3 Qb6 7. Na3 Nge7 8. Be3 O-O 9. b4 d6 10. Nc4 Qc7 11. bxc5 d5 12. Nd6 Bg4 13. h3 Bxf3 14. Qxf3 d4 15. cxd4 exd4 16. Bf4 Ne5 17. Bxe5 Bxe5 18. Rac1 Bxd6 19. cxd6 Qxd6 20. Qe2 a6 21. Bc4 b5 22. Bb3 a5 23. f4 a4 24. Bd1 b4 25. Rc4 b3 26. axb3 a3 27. Qa2 Qb6 28. f5 Nc6 29. fxg6 hxg6 30. Ra4 Rxa4 31. bxa4 Qc5 32. Bb3 Ne5 33. Ra1 Rc8 34. Bc4 Nxc4 35. Qxc4 Qf8 36. Qxd4 Rc2 37. Qe5 a2 38. Kh2 Qb4 39. Rf1 Qxa4 40. Qd5 Qe8 41. e5 Qe7 42. Ra1 Qh4 43. Qa8+ Kg7 44. Qf3 Qd4 45. Qf6+ Kg8 46. Rf1 Qd5 47. Qg5 Rb2 48. Rc1 Qe6 49. Qd8+ Kg7 50. Qd4 Rb1 51. Rg1 a1=Q 0-1

[Event "79th Armenian-HL-ch Women 2024"]
[Site "Yerevan"]
[Date "2024.01.12"]
[Round "1.2"]
[White "Gaboyan, Susanna"]
[Black "Khachatryan, Anna"]
[Result "1/2-1/2"]
[ECO "B21"]
[WhiteElo "2179"]
[BlackElo "2022"]
[Annotator "TA"]
[PlyCount "92"]
[EventDate "2024.01.11"]
[EventType "tourn"]
[EventCountry "ARM"]
[SourceTitle "playchess.com"]
[Source "ChessBase"]
[SourceQuality "1"]
[TimeControl "40/5400+30:1800+30"]

1. e4 c5 2. d4 cxd4 3. Qxd4 Nc6 4. Qe3 Nf6 5. Nc3 d5 6. exd5 Nb4 (6... Nxd5 {was preferrable.} 7. Nxd5 Qxd5) 7. Bb5+ $11 Bd7 8. Qe2 Nfxd5 9. Nxd5 Nxd5 10. c3 (10. Bxd7+ $14 Qxd7 11. Nf3) 10... e6 11. Nf3 {[%emt 0:00:27] [#] Ne5 would now be deadly.} Bxb5 12. Qxb5+ Qd7 13. Qxd7+ Kxd7 14. Ne5+ Ke8 15. O-O Bd6 16. Nd3 Rc8 17. Bd2 Ke7 18. Rfe1 Rhd8 19. Rad1 Rd7 20. Bg5+ f6 21. Bc1 b5 22. Re4 Rc4 23. Rde1 Rxe4 24. Rxe4 Nb6 25. h3 Bc7 26. Rd4 Rxd4 27. cxd4 $15 {[%emt 0:00:04][%mdl 4096] Endgame. KBN-KBN} Nd5 28. Kf1 Bb6 29. Be3 $1 Kd6 30. Ke2 Ne7 31. Nf4 Nc6 32. Nh5 {[%emt 0:02:31] The position is equal.} Bxd4 33. Bxd4 Nxd4+ $11 {[%emt 0:00:00] KN-KN} 34. Kd3 Nc6 35. Kc3 {[%emt 0:00:02] Inhibits Nb4.} a5 36. Nxg7 Ke7 37. b3 Kf7 38. Nh5 e5 $1 39. Ng3 Nb4 40. a4 Nd5+ 41. Kd2 bxa4 42. bxa4 Nb6 43. Ne4 $1 Nxa4 {[%emt 0:01:28] Hoping for ...Nb6.} 44. Nd6+ $1 Ke6 45. Nb7 Kd5 46. Nxa5 Nc5 {[%emt 0:01:18] Weighted Error Value: White=0.05 (flawless) /Black=0.07 (flawless) .  Mistake:       	White=1     	Black=1      Inaccurate:     	White=2     	Black=3      OK:         	White=17    	Black=15     Best:        	---       	Black=3      Strong:       	White=3     	Black=1} 1/2-1/2

[Event "79th Armenian-HL-ch Women 2024"]
[Site "Yerevan"]
[Date "2024.01.12"]
[Round "1.3"]
[White "Stepanyan, Alvard"]
[Black "Harutyunyan, Meline"]
[Result "1-0"]
[ECO "D37"]
[WhiteElo "1514"]
[BlackElo "1536"]
[Annotator "NA RC COMBH"]
[PlyCount "87"]
[EventDate "2024.01.11"]
[EventType "tourn"]
[EventCountry "ARM"]
[SourceTitle "playchess.com"]
[Source "ChessBase"]
[SourceQuality "1"]
[TimeControl "40/5400+30:1800+30"]

1. d4 d5 2. c4 e6 3. Nc3 Nf6 4. Nf3 Be7 5. Bf4 O-O 6. e3 a6 7. c5 Nh5 8. Bd3 Nxf4 9. exf4 Nc6 10. a3 Bf6 11. Bc2 g6 12. O-O Bg7 13. g3 Nb8 14. h4 Nd7 15. h5 b6 16. hxg6 hxg6 17. cxb6 c5 18. dxc5 Nxc5 19. Ne2 Qxb6 20. b4 Nd7 21. Rb1 Bb7 22. Ned4 e5 23. Ba4 exd4 24. Bxd7 Rad8 25. Bh3 Bc8 26. Bxc8 Rxc8 27. Rc1 Rc3 28. Ne5 Bxe5 29. fxe5 Rfc8 30. Qd2 Qc6 31. Rcd1 d3 32. Qe3 Qc4 33. e6 d4 34. exf7+ Kxf7 35. Qf4+ Kg8 36. Rfe1 Rf8 37. Qg4 Kg7 38. Re7+ Rf7 39. Rxf7+ Kxf7 40. Qd7+ Kf6 41. Re1 Qc6 42. Qe7+ Kf5 43. Re5+ Kg4 44. Qg5+ 1-0

[Event "79th Armenian-HL-ch Women 2024"]
[Site "Yerevan"]
[Date "2024.01.12"]
[Round "1.4"]
[White "Gasparyan, Milena"]
[Black "Khachatryan, Mariam"]
[Result "1-0"]
[ECO "B23"]
[WhiteElo "1802"]
[BlackElo "1567"]
[Annotator "NA RC COMBH"]
[PlyCount "99"]
[EventDate "2024.01.11"]
[EventType "tourn"]
[EventCountry "ARM"]
[SourceTitle "playchess.com"]
[Source "ChessBase"]
[SourceQuality "1"]
[TimeControl "40/5400+30:1800+30"]

1. e4 c5 2. Nc3 Nc6 3. Bb5 Nd4 4. Bc4 e6 5. Nge2 a6 6. a4 Qc7 7. d3 Nf6 8. O-O d6 9. Be3 Nc6 10. h3 Be7 11. f4 Rb8 12. f5 Ne5 13. Nf4 Nxc4 14. dxc4 Qc6 15. fxe6 fxe6 16. Nh5 O-O 17. Bg5 Qc7 18. Bxf6 Bxf6 19. Nxf6+ gxf6 20. Qd3 Bd7 21. Rad1 Bc6 22. Qg3+ Kh8 23. Qxd6 Qxd6 24. Rxd6 Rbe8 25. b3 Kg7 26. Kf2 Kf7 27. Ke3 Ke7 28. Rd2 Rg8 29. g4 Rg5 30. Rdf2 Rf8 31. Ne2 h5 32. gxh5 Rxh5 33. Nf4 Rg5 34. h4 Rg4 35. h5 Bxe4 36. Kxe4 e5 37. Ke3 exf4+ 38. Rxf4 Rg3+ 39. R1f3 Rg5 40. Rf5 Rxf5 41. Rxf5 Rc8 42. Kf4 a5 43. Rd5 Ke6 44. h6 b6 45. h7 Rh8 46. Rh5 Kf7 47. Kf5 Kg7 48. Rh2 Kf7 49. Rd2 Ke7 50. Kg6 1-0

[Event "79th Armenian-HL-ch Women 2024"]
[Site "Yerevan"]
[Date "2024.01.12"]
[Round "1.5"]
[White "Gevorgyan, Maria"]
[Black "Kobak, Polina"]
[Result "1-0"]
[ECO "A07"]
[WhiteElo "2272"]
[BlackElo "2120"]
[Annotator "RC"]
[PlyCount "129"]
[EventDate "2024.01.11"]
[EventType "tourn"]
[EventCountry "ARM"]
[SourceTitle "playchess.com"]
[Source "ChessBase"]
[SourceQuality "1"]
[TimeControl "40/5400+30:1800+30"]

1. Nf3 d5 2. g3 Nd7 3. Bg2 e5 4. d3 Ngf6 5. O-O Bd6 6. c4 c6 7. Nc3 O-O 8. e4 dxc4 9. dxc4 Nc5 10. Qc2 Bg4 11. Be3 Bxf3 12. Bxf3 a5 13. Rad1 Qe7 14. h3 Ne6 15. Na4 c5 16. Bg2 Nd4 17. Qd2 Nd7 18. f4 Ra6 19. b3 Bc7 20. fxe5 Bxe5 21. Nxc5 Nxc5 22. Bxd4 Rg6 23. Bxe5 Qxe5 24. Rf5 Qe7 25. Qe3 b6 26. e5 Ne6 27. Kh2 Rg5 28. Rxg5 Qxg5 29. Qxg5 Nxg5 30. Rd6 Rb8 31. Bd5 Kf8 32. h4 Ne6 33. Bxe6 fxe6 34. Rxe6 Kf7 35. Rd6 b5 36. cxb5 Rxb5 37. e6+ Kf6 38. Ra6 Re5 39. Kg1 g5 40. hxg5+ Kxg5 41. Kf2 Kg4 42. e7 Rf5+ 43. Kg2 Re5 44. Rxa5 Re2+ 45. Kf1 Rxe7 46. Kf2 Rf7+ 47. Kg2 Rd7 48. Ra4+ Kg5 49. Kf3 Rd3+ 50. Kg2 h5 51. Kh3 Rd1 52. Ra5+ Kg6 53. a4 Rb1 54. Rb5 Ra1 55. a5 Ra2 56. b4 Ra1 57. Kg2 Ra3 58. Kh3 Ra1 59. Rc5 Ra4 60. Rc6+ Kf5 61. Rb6 Ra1 62. a6 Ke4 63. b5 Kf3 64. Rf6+ Ke3 65. Rf5 1-0

[Event "79th Armenian-HL-ch Women 2024"]
[Site "Yerevan"]
[Date "2024.01.13"]
[Round "2.1"]
[White "Avetisyan, Mariam"]
[Black "Kobak, Polina"]
[Result "1/2-1/2"]
[ECO "D11"]
[WhiteElo "2043"]
[BlackElo "2120"]
[Annotator "NA RC"]
[PlyCount "44"]
[EventDate "2024.01.11"]
[EventType "tourn"]
[EventCountry "ARM"]
[SourceTitle "playchess.com"]
[Source "ChessBase"]
[SourceQuality "1"]
[TimeControl "40/5400+30:1800+30"]

1. d4 d5 2. Nf3 c6 3. g3 Nf6 4. Bg2 Bf5 5. O-O e6 6. c4 Nbd7 7. b3 h6 8. Nc3 Be7 9. Bb2 O-O 10. Nd2 Qa5 11. a3 Rad8 12. b4 Qc7 13. Rc1 Qb8 14. f4 a5 15. c5 b6 16. Na4 b5 17. Nc3 Ng4 18. Rf3 Ngf6 19. Rf1 Ng4 20. Rf3 Ngf6 21. Rf1 Ng4 22. Rf3 Ngf6 1/2-1/2

[Event "79th Armenian-HL-ch Women 2024"]
[Site "Yerevan"]
[Date "2024.01.13"]
[Round "2.2"]
[White "Harutyunyan, Meline"]
[Black "Gasparyan, Milena"]
[Result "0-1"]
[ECO "A36"]
[WhiteElo "1536"]
[BlackElo "1802"]
[Annotator "NA COMBH"]
[PlyCount "102"]
[EventDate "2024.01.11"]
[EventType "tourn"]
[EventCountry "ARM"]
[SourceTitle "playchess.com"]
[Source "ChessBase"]
[SourceQuality "1"]
[TimeControl "40/5400+30:1800+30"]

1. c4 Nf6 2. Nc3 c5 3. g3 g6 4. Bg2 Bg7 5. e4 d6 6. Nge2 Nc6 7. O-O e5 8. d3 O-O 9. f4 exf4 10. Bxf4 Ng4 11. h3 Nge5 12. a3 a6 13. Rb1 Rb8 14. b4 cxb4 15. axb4 b5 16. cxb5 axb5 17. Nd5 Be6 18. Nec3 Nd4 19. Be3 Nec6 20. Qd2 f5 21. Bh6 Qd7 22. Bxg7 Qxg7 23. Nf4 Bd7 24. Kh2 Kh8 25. exf5 Bxf5 26. Ne4 Rbd8 27. Qb2 Ne5 28. Kh1 Ndc6 29. Qc3 Ne7 30. Ng5 Qg8 31. d4 Rc8 32. Qe3 Bxb1 33. dxe5 Nf5 34. Qa3 Qa2 35. Qxa2 Bxa2 36. Kh2 dxe5 37. Nfe6 Bxe6 38. Nxe6 Rfe8 39. Ng5 h6 40. Ne4 Ne3 41. Rf7 Rf8 42. Rf3 Nxg2 43. Kxg2 Rc2+ 44. Nf2 Rxf3 45. Kxf3 Rxf2+ 46. Kxf2 Kg7 47. Ke3 Kf6 48. g4 g5 49. Kd3 Ke7 50. Ke3 Kd6 51. Ke4 Ke6 0-1

[Event "79th Armenian-HL-ch Women 2024"]
[Site "Yerevan"]
[Date "2024.01.13"]
[Round "2.3"]
[White "Khachatryan, Mariam"]
[Black "Gevorgyan, Maria"]
[Result "0-1"]
[ECO "D20"]
[WhiteElo "1567"]
[BlackElo "2272"]
[Annotator "RC"]
[PlyCount "42"]
[EventDate "2024.01.11"]
[EventType "tourn"]
[EventCountry "ARM"]
[SourceTitle "playchess.com"]
[Source "ChessBase"]
[SourceQuality "1"]
[TimeControl "40/5400+30:1800+30"]

1. d4 d5 2. c4 dxc4 3. e4 e5 4. Nf3 exd4 5. Bxc4 Nc6 6. O-O Bc5 7. Qb3 Qd7 8. Qc2 Bb6 9. a3 Nge7 10. e5 Qf5 11. Bd3 Qh5 12. Bf4 Bf5 13. b4 Bxd3 14. Qxd3 Ng6 15. Bg3 O-O 16. Re1 Rae8 17. Qb5 f5 18. e6 a6 19. Qc4 f4 20. Nbd2 fxg3 21. hxg3 Nge7 0-1

[Event "79th Armenian-HL-ch Women 2024"]
[Site "Yerevan"]
[Date "2024.01.13"]
[Round "2.4"]
[White "Khachatryan, Anna"]
[Black "Stepanyan, Alvard"]
[Result "1/2-1/2"]
[ECO "E56"]
[WhiteElo "2022"]
[BlackElo "1514"]
[Annotator "NA RC"]
[PlyCount "167"]
[EventDate "2024.01.11"]
[EventType "tourn"]
[EventCountry "ARM"]
[SourceTitle "playchess.com"]
[Source "ChessBase"]
[SourceQuality "1"]
[TimeControl "40/5400+30:1800+30"]

1. d4 Nf6 2. c4 e6 3. Nc3 Bb4 4. e3 O-O 5. Bd3 d5 6. Nf3 c5 7. O-O Nc6 8. cxd5 exd5 9. dxc5 Bxc5 10. h3 a6 11. b3 d4 12. Na4 Ba7 13. exd4 Nxd4 14. Bb2 Nxf3+ 15. Qxf3 Qd5 16. Qxd5 Nxd5 17. Be4 Be6 18. Rfd1 Rfd8 19. Nc3 Nb4 20. Ba3 Nc6 21. Bxc6 bxc6 22. Na4 Rxd1+ 23. Rxd1 Re8 24. Bc5 Bb8 25. Bb6 Bd5 26. Nc5 a5 27. Bxa5 Re2 28. Re1 Rxe1+ 29. Bxe1 Bd6 30. Bb4 Bxc5 31. Bxc5 g6 32. f3 Kg7 33. Kf2 Kf6 34. Ke3 Ke5 35. Bb6 h5 36. Bc7+ Ke6 37. Kd4 Kd7 38. Bf4 Kc8 39. Kc5 Kb7 40. Bg5 Be6 41. Kb4 Bf5 42. Kc3 Be6 43. Bf6 Bd5 44. Kb4 Be6 45. a3 Bf5 46. Kc3 Be6 47. b4 Bf5 48. Kd4 Be6 49. a4 Bb3 50. a5 Ba4 51. Ke3 Bb5 52. h4 Ba4 53. Kf4 Bd1 54. Be7 Be2 55. Kg5 Bd1 56. Kf6 Bb3 57. Bd6 Bc4 58. Kg5 Be2 59. Kf4 Bd1 60. Be5 Ka6 61. g4 Kb5 62. Bd6 Ka6 63. gxh5 gxh5 64. Ke4 Be2 65. f4 Bd1 66. Ke5 Be2 67. Bc5 Bd1 68. Kd6 Bf3 69. Ke7 Bd5 70. Kf6 Bc4 71. Kg5 Be2 72. Bf8 Bd1 73. Kf6 Bb3 74. Ke7 Bd5 75. Kd7 Bf3 76. Be7 Bg2 77. Kd6 Bf3 78. Kc5 Be4 79. Bd8 Bf3 80. f5 Be4 81. Kd6 Bf3 82. Ke5 Be2 83. Kf6 Bc4 84. Ke7 1/2-1/2

[Event "79th Armenian-HL-ch Women 2024"]
[Site "Yerevan"]
[Date "2024.01.13"]
[Round "2.5"]
[White "Grigoryan, Arpine"]
[Black "Gaboyan, Susanna"]
[Result "0-1"]
[ECO "B26"]
[WhiteElo "2025"]
[BlackElo "2179"]
[Annotator "ChessBase"]
[PlyCount "86"]
[EventDate "2024.01.11"]
[EventType "tourn"]
[EventCountry "ARM"]
[SourceTitle "playchess.com"]
[Source "ChessBase"]
[SourceQuality "1"]
[TimeControl "40/5400+30:1800+30"]

1. e4 c5 2. Nc3 e6 3. g3 Nc6 4. Bg2 d6 5. d3 g6 6. Be3 Bg7 7. Qd2 Nd4 8. Nge2 Ne7 9. O-O O-O 10. Nd1 Rb8 11. Nc1 b5 12. c3 Ndc6 13. Bh6 b4 14. Bxg7 Kxg7 15. Ne3 a5 16. f4 f5 17. g4 Bd7 18. Ne2 a4 19. d4 fxe4 20. Bxe4 d5 21. Bg2 c4 22. f5 exf5 23. Nxd5 fxg4 24. Rxf8 Qxf8 25. Nxb4 Nxb4 26. cxb4 Nf5 27. a3 Qd6 28. Qf4 Qxf4 29. Nxf4 Re8 30. Rc1 g5 31. Nh5+ Kg6 32. Ng3 Nd6 33. Kf2 h5 34. Re1 h4 35. Ne4 Nf5 36. Rd1 Rf8 37. Ke2 g3 38. h3 g4 39. Nc5 Bc8 40. d5 Nd6 41. Rf1 Rxf1 42. Bxf1 gxh3 43. Kf3 Bg4+ 0-1

[Event "79th Armenian-HL-ch Women 2024"]
[Site "Yerevan"]
[Date "2024.01.14"]
[Round "3.1"]
[White "Kobak, Polina"]
[Black "Khachatryan, Mariam"]
[Result "1-0"]
[ECO "E73"]
[WhiteElo "2120"]
[BlackElo "1567"]
[Annotator "TA"]
[PlyCount "73"]
[EventDate "2024.01.11"]
[EventType "tourn"]
[EventCountry "ARM"]
[SourceTitle "playchess.com"]
[Source "ChessBase"]
[SourceQuality "1"]
[TimeControl "40/5400+30:1800+30"]

1. d4 Nf6 2. c4 g6 3. Nc3 Bg7 4. e4 d6 5. Be2 O-O 6. Bg5 c5 7. d5 Na6 8. Qd2 Re8 9. Nf3 Nc7 10. h3 {[%emt 0:02:10] Mistake (0.6)} (10. O-O $16) 10... a6 {[%emt 0:16:20] Mistake (0.6)} ({Black should try} 10... b5 $1 $14) 11. a4 $16 {[%emt 0:00:16] OK} e5 {[%emt 0:02:29] White is better.} 12. O-O {[%emt 0:10:06] OK} Rb8 {[%emt 0:02:28] OK} 13. a5 {[%emt 0:05:39] OK} b5 {[%emt 0:00:53] OK} 14. axb6 {[%emt 0:00:22] Best (Easy)} Na8 {[%emt 0:01:22] [#]} 15. b7 $1 {[%emt 0:02:09][%mdl 512] White is much more active.} Bxb7 {[%emt 0:02:25] OK} 16. Nh2 {[%emt 0:07:45] OK} Qc7 {[%emt 0:06:51] OK} 17. f4 {[%emt 0:08:51][%cal Bf2f4,Bf4f5][%mdl 32] EV=17.12. Goes to f5 (dbg))} Nd7 {[%emt 0:02:52] A mistake that costs the game. Mistake (1.3)} (17... exf4 $16 {was worth a try.} 18. Qxf4 Nxe4) 18. f5 $18 {[%emt 0:02:27] f6 is the strong threat. OK} f6 {[%emt 0:01:10] Black is weak on the light squares. OK} 19. Be3 g5 {[%emt 0:02:11] [#] Inaccurate} 20. h4 $1 {[%emt 0:01:27][%mdl 512] OK} h6 21. Bh5 {[%emt 0:03:15] OK} Nab6 22. b3 Kf8 23. Ng4 Ke7 24. Bxe8 {[%emt 0:00:38] OK. White is clearly winning.} Rxe8 25. hxg5 {[%emt 0:00:35] OK} hxg5 {[%emt 0:00:06] [#]} 26. Bxg5 $1 Rg8 (26... Kd8 27. Rf3) 27. Be3 {[%emt 0:01:25] OK} Qd8 28. Kf2 Bf8 29. Qe2 {[%emt 0:00:53] OK} Na8 30. Rh1 {[%emt 0:00:57] OK} Nc7 31. Rh7+ {[%emt 0:01:22] OK} Rg7 {[%emt 0:00:31] Best} 32. Rah1 Qe8 33. Qf3 Qf7 34. Rh8 Ba8 35. R1h4 Bb7 36. Qh3 {[%emt 0:00:20] Bh6 would now be deadly.} Nb6 37. Bh6 {[%emt 0:00:53] Weighted Error Value: White=0.14 (very precise) /Black=0.42.  Mistake:       	White=1     	Black=2      Inaccurate:     	---       	Black=1      OK:         	White=13    	Black=5      Best:        	White=1     	Black=1} 1-0

[Event "79th Armenian-HL-ch Women 2024"]
[Site "Yerevan"]
[Date "2024.01.14"]
[Round "3.2"]
[White "Gaboyan, Susanna"]
[Black "Avetisyan, Mariam"]
[Result "1-0"]
[ECO "A14"]
[WhiteElo "2179"]
[BlackElo "2043"]
[Annotator "TA"]
[PlyCount "75"]
[EventDate "2024.01.11"]
[EventType "tourn"]
[EventCountry "ARM"]
[SourceTitle "playchess.com"]
[Source "ChessBase"]
[SourceQuality "1"]
[TimeControl "40/5400+30:1800+30"]

1. c4 Nf6 2. g3 e6 3. Bg2 d5 4. Nf3 Be7 5. O-O O-O 6. b3 dxc4 7. bxc4 c5 8. Nc3 Nc6 9. d3 {[%emt 0:00:40] The position is equal.} Rb8 10. Nd2 Qd7 11. Qa4 {[%emt 0:06:56] Inhibits b6.} a6 (11... Qc7 $1 $11 {keeps the balance.}) 12. Bxc6 $1 $16 bxc6 13. Ba3 $1 {[%emt 0:00:07] Dodges Rb4} e5 14. Rab1 Rxb1 15. Rxb1 Ng4 {[%emt 0:01:17] [#]} 16. Nf3 (16. Qa5 $1 $16) 16... f5 $11 17. Rb6 e4 18. dxe4 Nxf2 {[%emt 0:01:17] [#]} 19. exf5 $1 $16 (19. Kxf2 fxe4 20. Qd1 (20. Nxe4 Qd4+ 21. Ke1 Qxe4 $11) 20... exf3 21. exf3 Qh3 $19) (19. Qxc6 Qxc6 20. Rxc6 Nxe4 $14) 19... Nh3+ 20. Kg2 {[%emt 0:01:01] White is more active.} Qxf5 {[%emt 0:03:31] aiming for ...Ng5.} 21. Qxc6 {[%emt 0:03:02] And now Nd5 would win.} Qc2 $2 {[%emt 0:11:39][%mdl 8192] Loses the game.} (21... Rd8 $16) 22. Rb8 $18 (22. Bxc5 Qxc3 (22... Bxc5 $2 23. Qd5+ Kh8 24. Qxc5 $18) 23. Rb8 (23. Bxe7 $2 Qe3 $19) 23... Qxc4 (23... Bxc5 $2 24. Qd5+ Kh8 25. Qxc5 $18) 24. Rxc8 Qxe2+ 25. Kxh3 Qf1+ 26. Kg4 h5+ 27. Kxh5 Qh3+ 28. Nh4 Rxc8 29. Qd5+ Kf8 30. Bxe7+ Kxe7 $15) 22... Nf4+ 23. gxf4 {[%emt 0:00:19] White is clearly winning.} Bh3+ 24. Kxh3 Rxb8 (24... Qf5+ $142 25. Kg2 Qg4+ 26. Kh1 Rxb8 27. Qd5+ (27. Bxc5 Bxc5 28. Qxc5 Qxf4 $18) (27. Qxa6 Qh3 $18) 27... Kh8) 25. Qe6+ (25. Bxc5 Qf5+ 26. Kg3 Rc8 (26... Qxc5 27. Nd5 $11) (26... Bxc5 27. Ne5 $11) 27. Qxa6 Bxc5 $17) 25... Kh8 26. Qxe7 Qxc3 27. Qe5 Qxe5 28. Nxe5 Kg8 29. e3 Rc8 30. Kg3 Kf8 {[%emt 0:00:30] [#]} 31. Bxc5+ $1 Ke8 32. Bd4 Ke7 33. c5 Ke6 34. c6 Kd6 35. a4 Kd5 36. Bb6 g5 37. c7 h5 38. Kf3 {[%emt 0:01:23] Weighted Error Value: White=0.23 (precise) /Black=0.37.  Loses game:     	---       	Black=1      Mistake:       	White=1     	Black=3      Inaccurate:     	---       	Black=2      OK:         	White=11    	Black=11     Best:        	White=5     	Black=1      Strong:       	White=3     	---} 1-0

[Event "79th Armenian-HL-ch Women 2024"]
[Site "Yerevan"]
[Date "2024.01.14"]
[Round "3.3"]
[White "Gevorgyan, Maria"]
[Black "Harutyunyan, Meline"]
[Result "0-1"]
[ECO "C00"]
[WhiteElo "2272"]
[BlackElo "1536"]
[Annotator "RC"]
[PlyCount "80"]
[EventDate "2024.01.11"]
[EventType "tourn"]
[EventCountry "ARM"]
[SourceTitle "playchess.com"]
[Source "ChessBase"]
[SourceQuality "1"]
[TimeControl "40/5400+30:1800+30"]

1. e4 e6 2. d3 d5 3. Nd2 Nf6 4. g3 c5 5. Bg2 Nc6 6. Ngf3 Be7 7. O-O O-O 8. Re1 b5 9. e5 Nd7 10. Nf1 Bb7 11. h4 a5 12. h5 h6 13. N1h2 d4 14. a3 Nb6 15. Ng4 Kh7 16. Bd2 Rh8 17. Qc1 Qf8 18. Nfh2 Rg8 19. Be4+ Kh8 20. Nf3 Nd8 21. Nxh6 Bxe4 22. Rxe4 gxh6 23. Bxh6 Qe8 24. Qd2 Nd7 25. Kg2 Nf8 26. Rh1 Nh7 27. c3 Nc6 28. cxd4 Nxd4 29. Nh2 Qc6 30. f3 Nf5 31. Bf4 Rad8 32. Rc1 Qd5 33. Qxa5 Qxd3 34. Rc3 Qb1 35. Re2 Rd1 36. Kh3 Rg1 37. Rg2 Rxg2 38. Kxg2 Qxb2+ 39. Kh3 Qf2 40. Ng4 Ng5+ 0-1

[Event "79th Armenian-HL-ch Women 2024"]
[Site "Yerevan"]
[Date "2024.01.14"]
[Round "3.4"]
[White "Gasparyan, Milena"]
[Black "Khachatryan, Anna"]
[Result "1-0"]
[ECO "B94"]
[WhiteElo "1802"]
[BlackElo "2022"]
[Annotator "NA RC"]
[PlyCount "129"]
[EventDate "2024.01.11"]
[EventType "tourn"]
[EventCountry "ARM"]
[SourceTitle "playchess.com"]
[Source "ChessBase"]
[SourceQuality "1"]
[TimeControl "40/5400+30:1800+30"]

1. e4 c5 2. Nf3 d6 3. d4 cxd4 4. Nxd4 Nf6 5. Nc3 a6 6. Bg5 Nbd7 7. Bd3 Qa5 8. Be3 g6 9. O-O Bg7 10. h3 O-O 11. Qd2 Qc7 12. Bh6 Ne5 13. Bxg7 Kxg7 14. f4 Qc5 15. Qf2 Nc6 16. Nce2 Nxd4 17. Nxd4 e5 18. fxe5 Qxe5 19. c3 Be6 20. Rae1 Nd7 21. b3 Rac8 22. c4 Kg8 23. Kh1 Qc5 24. Rd1 Rce8 25. Bb1 Rd8 26. Qh4 Rfe8 27. Nf5 Bxf5 28. exf5 Qe5 29. Rd5 Qe2 30. Bd3 Qe7 31. Qxe7 Rxe7 32. Rxd6 Ree8 33. fxg6 hxg6 34. Rd1 Nc5 35. Rxd8 Rxd8 36. Be2 Rc8 37. Bf3 a5 38. Rd6 a4 39. b4 Ne6 40. c5 Rc7 41. Rb6 Nd8 42. Rb5 Kf8 43. Ra5 Ke7 44. Rxa4 Kd7 45. Ra3 Rc8 46. Rd3+ Kc7 47. Bd5 Ra8 48. Rf3 f5 49. Rg3 Ra6 50. Bc4 Rf6 51. b5 f4 52. Rd3 Rf5 53. Bd5 Re5 54. Kg1 Re2 55. b6+ Kc8 56. Bf3 Re8 57. Rd6 g5 58. Rg6 Nf7 59. Rg7 Nd8 60. Rxg5 Re1+ 61. Kf2 Re3 62. Bg4+ Kb8 63. Rg8 Rd3 64. h4 f3 65. gxf3 1-0

[Event "79th Armenian-HL-ch Women 2024"]
[Site "Yerevan"]
[Date "2024.01.14"]
[Round "3.5"]
[White "Stepanyan, Alvard"]
[Black "Grigoryan, Arpine"]
[Result "0-1"]
[ECO "D36"]
[WhiteElo "1514"]
[BlackElo "2025"]
[Annotator "TA"]
[PlyCount "80"]
[EventDate "2024.01.11"]
[EventType "tourn"]
[EventCountry "ARM"]
[SourceTitle "playchess.com"]
[Source "ChessBase"]
[SourceQuality "1"]
[TimeControl "40/5400+30:1800+30"]

1. d4 d5 2. c4 e6 3. Nc3 Nf6 4. cxd5 exd5 5. Bg5 Be7 6. e3 O-O 7. Bd3 c6 8. Qc2 Nbd7 9. Nf3 Re8 10. O-O Nf8 11. Rab1 Ne4 12. Bxe7 Qxe7 13. Bxe4 dxe4 14. Nd2 f5 15. d5 Kh8 16. Rfd1 Ng6 {[%emt 0:18:34] [#]} 17. d6 Qf7 18. Na4 {[%emt 0:04:28] [#]} (18. b3 $11) 18... Ne5 ({Black should play} 18... Be6 $1 $17 19. Nc5 Bxa2) 19. b3 $11 b6 20. Nc4 {[%emt 0:05:32] Strongly threatening Nxe5.} Bd7 21. Nxe5 Rxe5 22. Nb2 Rae8 23. Nc4 R5e6 24. Qc3 Qh5 25. h3 $2 {[%emt 0:02:22] [#] Black converts the advantage convincingly.} (25. a4 $15) 25... b5 $1 $19 26. Nd2 (26. Na5 Rg6 27. Kf1 f4 $19) 26... Rxd6 (26... Rg6 27. Nf1 Qxh3 28. Ng3) (26... f4 $19 {White must now prevent ...f3.} 27. Nf1 f3 (27... Rg6 28. exf4 e3 29. fxe3 $14)) 27. Nf3 $2 Rxd1+ 28. Rxd1 Bc8 29. g4 (29. Qxc6 $142 exf3 30. Qxf3 Qxf3 31. gxf3) 29... fxg4 30. Ne5 (30. Ne1 $142) 30... gxh3 (30... Qxe5 $2 31. Qxe5 (31. Qxc6 gxh3 32. Qd6 Qg5+ 33. Qg3 Qxg3+ 34. fxg3 Bg4 $19) 31... Rg8 32. Qc7 $18 (32. Qxe4 c5 $18)) 31. Rd6 h2+ {[%emt 0:04:05] Black mates.} (31... Qxe5 $2 32. Qxe5 (32. Qxc6 Bg4) 32... Rg8 33. Rxc6 $18 (33. Qxe4 c5 $18)) 32. Kh1 Bh3 (32... Qxe5 $2 33. Qxe5 (33. Qxc6 {is a self mate.} Bg4) 33... Rg8 34. Kxh2 $18 (34. Rxc6 a6 $18)) 33. Kxh2 Bg4+ 34. Kg1 Bf3 (34... Rxe5 $2 {loses.} 35. Qxe5 h6 36. Qxh5 (36. Qxe4 Bf5 $18) 36... Bxh5 37. Rxc6 $18) 35. Nxf3 exf3 36. Qxc6 {[%emt 0:00:57] KQR-KQR} Qg4+ 37. Kf1 Qg2+ 38. Ke1 Qg1+ 39. Kd2 Qxf2+ 40. Kc3 Qxe3+ {[%emt 0:07:12] Weighted Error Value: White=0.88/Black=0.09 (flawless) .  Loses game:     	White=2     	---        Mistake:       	White=4     	Black=2      Inaccurate:     	White=1     	Black=1      OK:         	White=3     	Black=5      Best:        	White=1     	Black=3      Strong:       	---       	Black=1} 0-1